 Dungeon Crawl Stone Soup version 0.28-a0-1152-g9c71ebef14 (webtiles) character file.

Game seed: 15727523158075807682

123 Snarg the Gusty (level 4, 0/35 HPs)
             Began as a Demigod Wanderer on Dec 14, 2021.
             Succumbed to an orc's poison
             ... on level 4 of the Dungeon.
             The game lasted 00:18:37 (3550 turns).

Snarg the Gusty (Demigod Wanderer)                  Turns: 3550, Time: 00:18:38

Health: 0/35       AC:  4    Str: 10    XL:     4   Next: 51%
Magic:  4/11       EV: 12    Int: 24    God:
Gold:   145        SH:  0    Dex: 16    Spells: 6/9 levels left

rFire   . . .      SeeInvis .   a - +0 dagger
rCold   + . .      Faith    .   (no shield)
rNeg    . . .      Spirit   .   b - +1 robe
rPois   .          Reflect  .   (no helmet)
rElec   .          Harm     .   (no cloak)
rCorr   .          Rampage  .   (no gloves)
Will    .....                   d - +0 pair of boots
Stlth   ++........              (no amulet)
HPRegen 0.11/turn               l - ring of the Skies Above {rC+ Int+6}
MPRegen 0.12/turn               (no ring)

@: lethally poisoned (0 -> -17)
A: high mp 1, forlorn, divine attributes
a: no special abilities


You were on level 4 of the Dungeon.
You visited 1 branch of the dungeon, and saw 4 of its levels.

You collected 145 gold pieces.

Inventory:

Hand Weapons
 a - a +0 dagger (weapon)
 i - a +2 trident of freezing
Missiles
 f - 86 stones
 h - 49 poisoned darts (quivered)
Armour
 b - a +1 robe (worn)
 d - a +0 pair of boots (worn)
Jewellery
 l - the ring of the Skies Above (left hand) {rC+ Int+6}
   (You acquired it on level 4 of the Dungeon)

   [ring of intelligence]

   Int:       It affects your intelligence (+6).
   rC:        It protects you from cold.
Scrolls
 e - 4 scrolls of teleportation
 k - a scroll of fog
Potions
 c - a potion of lignification
 g - a potion of might
 j - a potion of curing {unknown}
 m - a potion of haste


   Skills:
 - Level 1.0 Fighting
 - Level 0.5 Short Blades
 + Level 0.9 Throwing
 * Level 1.0 Dodging
 + Level 1.7 Stealth
 - Level 1.0 Shields
 - Level 3.0 Spellcasting
 + Level 2.0 Conjurations
 - Level 1.0 Hexes
 - Level 1.0 Summonings
 + Level 3.2 Air Magic


You had 6 spell levels left.
You knew the following spells:

 Your Spells              Type           Power      Damage    Failure   Level
a - Shock                 Conj/Air       64%        1d7       3%          1
b - Static Discharge      Conj/Air       16%        N/A       5%          2

Your spell library contained the following spells:

 Spells                   Type           Power      Damage    Failure   Level
 Swiftness                Air            18%        N/A       9%          3
 Apportation              Tloc           6%         N/A       11%         1
 Sandblast                Erth           6%         2d5       11%         1
 Passwall                 Tmut/Erth      2%         N/A       16%         2
 Stone Arrow              Conj/Erth      16%        3d8       22%         3
 Airstrike                Air            9%         N/A       28%         4
 Gell's Gravitas          Tloc           3%         N/A       32%         3


Dungeon Overview and Level Annotations

Branches:
Dungeon (4/15)
 Temple: D:4-7

Annotations:
D:1 clr
D:2 clr
D:3 3 runed translucent doors, Adrian566's ghost, amateur TrMo; Grinder


Innate Abilities, Weirdness & Mutations

You have an increased reservoir of magic. (+10% MP)
You shall have no god before yourself.
Your divine heritage dramatically boosts your attributes as you level up.


Message History

Unknown command.
Casting: Shock (safe; 3% risk of failure)
Confirm with . or Enter, or press ? or * to list all spells.
Aiming: Shock (safe; 3% risk of failure)
Press: ? - help, Shift-Dir - straight line The zap misses the orc.
The zap hits the orc.
You kill the orc!
Your magical contamination has completely faded away.
Unknown command.
You barely miss the orc. The orc closely misses you.
An orc wizard comes into view. It is wielding a +0 dagger.
You hit the orc.
The orc is lightly wounded.
The orc hits you with a +1 whip of venom.
You are poisoned.
You feel very sick.
The orc wizard mumbles some strange words.
The orc wizard flickers and vanishes!
Deactivating autopickup; reactivate with Ctrl-A.
Casting: Shock (safe; 3% risk of failure)
Confirm with . or Enter, or press ? or * to list all spells.
Aiming: Shock (safe; 3% risk of failure)
Press: ? - help, Shift-Dir - straight line The zap hits the orc.
The orc is heavily wounded.
The zap hits something.
You feel sick.
The orc hits you with a +1 whip of venom.
You are more poisoned.
Okay, then.
Unknown command.
You feel very sick.
You see here 19 gold pieces.
You feel very sick.
The orc hits you with a +1 whip of venom.
You are lethally poisoned!
You feel very sick.
A puff of flame appears from out of thin air!
The puff of flame hits you!
* * * LOW HITPOINT WARNING * * *
You die...

#.##### #.##....#
#.....#
#.###.#.###
#####<# #)#
#.....# #.# #.#
#.###.### #.# #.#
#.# ...
#.###.###.###.###
#..........<..#
#####.......###
####@####
#######.##
.......o.#
#######.$# #..#
#..# #){# #).#
...#


You could see an orc.

Vanquished Creatures
  4 gnolls (D:2)
  2 adders (D:2)
  2 dart slugs (D:2)
  4 orcs
  2 bats
  An endoplasm (D:2)
  4 giant cockroaches
  9 goblins
  5 hobgoblins
  4 jackals (D:2)
  2 quokkas (D:1)
  7 ball pythons
  5 frilled lizards
  3 kobolds
  2 rats (D:2)
56 creatures vanquished.

Vanquished Creatures (collateral kills)
  An orc (D:4)
1 creature vanquished.

Grand Total: 57 creatures vanquished

Notes
Turn   | Place    | Note
-------+----------+-------------------------------------------
     0 | D:1      | Snarg the Demigod Wanderer began the quest for the Orb.
     0 | D:1      | Snarg set off with the following items: a +0 dagger, a +0
                  | robe, a potion of lignification; and the following spells
                  | available to memorise: Shock, Static Discharge,
                  | Apportation, Swiftness, Gell's Gravitas, Airstrike
     0 | D:1      | Reached XP level 1. HP: 14/14 MP: 6/6
     2 | D:1      | Learned a level 1 spell: Shock
   143 | D:1      | Reached skill level 1 in Conjurations
   552 | D:1      | Reached XP level 2. HP: 22/22 MP: 8/8
   692 | D:1      | Learned a level 2 spell: Static Discharge
  1382 | D:2      | Reached XP level 3. HP: 27/27 MP: 6/9
  1390 | D:2      | Reached skill level 1 in Fighting
  2224 | D:2      | Reached XP level 4. HP: 29/35 MP: 4/11
  2854 | D:3      | Found a runed translucent gate.
  2854 | D:3      | Found a runed translucent gate.
  2855 | D:3      | Found a runed translucent gate.
  2855 | D:3      | Noticed Adrian566's ghost (amateur TrMo)
  3285 | D:3      | Noticed Grinder
  3406 | D:4      | Identified a scroll of acquirement
  3406 | D:4      | Acquired the ring of the Skies Above {rC+ Int+6}
  3432 | D:4      | Reached skill level 1 in Dodging
  3550 | D:4      | Succumbed to an orc's poison

Illustrated notes

Levels and vault maps discovered:
D:1:      wander_arrival_fairy_ring, layout_loops_corners,
          dreamdust_ecumenical_altar_statues
D:2:      layout_basic, minmay_split_cup_small
D:3:      layout_loops_ring, nicolae_wu_jian_glorious_leap,
          gammafunk_ghost_split, uniq_grinder
D:4:      layout_loops_ring, minmay_temple_entry_large_hall,
          gup_sewer_entry_pipe, gammafunk_ghost_grave, grunt_ministairs_14

Skill      XL: |  1  2  3  4 |
---------------+-------------+-----
Conjurations   | 1 2 |  2.0
Air Magic      | 3 |  3.2
Fighting       | 1 |  1.0
Spellcasting   | 3 |  3.0
Dodging        | 1 |  1.0
Short Blades   | |  0.5
Throwing       | |  0.9
Stealth        | |  1.7
Shields        | |  1.0
Hexes          | |  1.0
Summonings     | |  1.0

Action                   |  1- 3 |  4- 6 || total
-------------------------+-------+-------++-------
Melee: Dagger            |    51 |    22 ||    73
Throw: Dart              |    10 |    13 ||    23
       Stone             |     2 |       ||     2
 Cast: Shock             |    45 |    20 ||    65
       Static Discharge  |     3 |       ||     3
  Use: Scroll            |     1 |     6 ||     7
 Stab: Sleeping          |     2 |       ||     2
Armor: Robe              |     8 |     4 ||    12
Dodge: Dodged            |    39 |    10 ||    49

Table legend: (Time is in decaauts)
 A = Elapsed time spent in this place.
 B = Non-inter-level travel time spent in this place.
 C = Inter-level travel time spent in this place.
 D = Time resting spent in this place.
 E = Time spent auto-exploring this place.
 F = Levels seen in this place.
 G = Mean time per level.
                   A        B        C        D        E       F      G
               +--------+--------+--------+--------+--------+-----+--------+
         Total |   3548 |   3366 |    182 |    657 |   2097 |   4 |  887.0 |
       Dungeon |   3548 |   3366 |    182 |    657 |   2097 |   4 |  887.0 |
               +--------+--------+--------+--------+--------+-----+--------+

Top non-repeatable levels by time:
     D:2: 1754 daAuts
     D:1: 1001 daAuts
     D:3: 681 daAuts
     D:4: 111 daAuts
